 Dungeon Crawl Stone Soup version 0.29.0-11-gd7f09526c8 (webtiles) character file.

Game seed: 2773416092566644407

109 SensoryNuts the Trooper (level 4, -2/29 HPs)
             Began as a Gargoyle Fighter on Sept 6, 2022.
             Killed from afar by an orc wizard (4 damage)
             ... with a magic dart
             ... on level 3 of the Dungeon.
             The game lasted 00:02:25 (2241 turns).

SensoryNuts the Trooper (Gargoyle Fighter)          Turns: 2241, Time: 00:02:26

Health: -2/29      AC: 15    Str: 21    XL:     4   Next: 89%
Magic:  4/4        EV:  5    Int:  9    God:
Gold:   138        SH:  0    Dex:  9    Spells: 3/3 levels left

rFire   . . .      SeeInvis .   a - +0 flail
rCold   . . .      Faith    .   c - +0 buckler
rNeg    + . .      Spirit   .   j - +0 plate armour
rPois   ∞          Reflect  .   (no helmet)
rElec   +          Harm     .   (no cloak)
rCorr   .          Rampage  .   (no gloves)
Will    .....                   (no boots)
Stlth   ..........              (no amulet)
HPRegen 0.09/turn               (no ring)
MPRegen 0.09/turn               (no ring)

@: confused
A: sickness immunity, AC +3, negative energy resistance 1, electricity
resistance, torment resistance 1, petrification resistance
a: no special abilities


You were on level 3 of the Dungeon.
You visited 1 branch of the dungeon, and saw 3 of its levels.

You collected 138 gold pieces.

Inventory:

Hand Weapons
 a - a +0 flail (weapon)
Armour
 c - a +0 buckler (worn)
 j - a +0 plate armour (worn)
Wands
 o - a wand of flame (13)
Scrolls
 b - a scroll of immolation {unknown}
 e - 2 scrolls of identify {unknown}
 g - a scroll of poison {unknown}
 h - a scroll of enchant armour {unknown}
 i - a scroll of magic mapping {unknown}
 k - a scroll of silence {unknown}
 l - a scroll of acquirement {unknown}
 m - a scroll of vulnerability {unknown}
 p - a scroll of noise {unknown}
 q - a scroll of fog {unknown}
 r - a scroll of amnesia {unknown}
Potions
 f - a potion of cancellation
 n - a potion of flight {unknown}


   Skills:
 + Level 4.1 Fighting
 * Level 3.5 Maces & Flails
 + Level 3.9 Armour
 + Level 0.2 Dodging
 + Level 3.5 Shields


You had 3 spell levels left.
You didn't know any spells.
Your spell library contained the following spells:

 Spells                   Type           Power      Damage    Failure   Level
 Gell's Gravitas          Tloc           0%         N/A       100%        3
 Lesser Beckoning         Tloc           0%         N/A       100%        3
 Ozocubu's Armour         Ice            0%         N/A       100%        3
 Teleport Other           Tloc           0%         N/A       100%        3
 Metabolic Englaciation   Hex/Ice        0%         N/A       100%        5
 Simulacrum               Ice/Necr       0%         N/A       100%        6


Dungeon Overview and Level Annotations

Branches:
Dungeon (3/15)

Altars:


Innate Abilities, Weirdness & Mutations

You are immune to sickness and miasma.
Your stone body is resilient. (AC +3)
You are immune to poison.
You resist negative energy. (rN+)
You are resistant to electric shocks. (rElec)
You are resistant to unholy torment.
You are immune to petrification.


Message History

You feel very mighty all of a sudden. The orc hits you but does no damage.
Something hits you but does no damage. The orc attacks as you move away!
The orc hits you but does no damage.
You hear some strange, mumbled words.
You are more confused.
You bump into the rock wall.
The orc hits you but does no damage.
You hear some strange, mumbled words.
You are more confused.
The orc closely misses you. The orc hits you but does no damage.
You bump into the rock wall.
The orc hits you but does no damage. Something hits you but does no damage.
You bludgeon the orc!!
You kill the orc!
Something hits you.
* * * LOW HITPOINT WARNING * * *
You closely miss something. Something hits you but does no damage.
You bump into the rock wall.
Something hits you but does no damage.
You bump into the rock wall.
You hear the rusting of a very distant drain.
Something hits you but does no damage. Something hits you but does no damage.
Things that are here:
a +0 dagger; a +0 leather armour; an orc corpse Unknown command.
You are too injured to fight recklessly!
It was a potion of cancellation.
Your magical effects are unravelling.
You feel magically purged.
You feel less confused.
You feel a little less mighty now.
You hear some strange, mumbled words.
You are confused.
You bump into the rock wall.
Something hits you but does no damage. Something hits you but does no damage.
You're too confused to move!
Something hits you but does no damage.
You closely miss something.
An orc wizard appears from thin air!
Reactivating autopickup.
The orc wizard casts a spell at you. The magic dart hits you.
You die...

#.###.###.####.#
### #.........#
#.# #...^.###.#
'# #..#### #.#
.. #..### .#
....
#.†#.####)#.....
#...............
##...o)..)......
#...@####......
#)#.## #.....
#.### #.... #.#
#... ..# #+# #.#


You could see an orc wizard.

Vanquished Creatures
  4 adders (D:2)
  2 dart slugs (D:2)
  8 orcs (D:3)
  3 ball pythons (D:2)
  4 bats
  6 endoplasms
  3 giant cockroaches
  2 goblins
  5 hobgoblins (D:2)
  3 jackals (D:1)
  4 kobolds
  3 quokkas
  6 frilled lizards
  4 rats
57 creatures vanquished.

Notes
Turn   | Place    | Note
-------+----------+-------------------------------------------
     0 | D:1      | SensoryNuts the Gargoyle Fighter began the quest for the
                  | Orb.
     0 | D:1      | Reached XP level 1. HP: 14/14 MP: 1/1
   112 | D:1      | Reached XP level 2. HP: 19/19 MP: 2/2
   481 | D:1      | Reached XP level 3. HP: 24/24 MP: 3/3
   694 | D:1      | Found a faded altar of an unknown god.
   875 | D:2      | Reached XP level 4. HP: 27/29 MP: 4/4
  1120 | D:2      | Identified the +1 robe "Rufonk" {Str-4 Int+4 Dex+2 Slay+5}
  1395 | D:2      | Reached skill level 4 in Fighting
  2241 | D:3      | Killed from afar by an orc wizard

Illustrated notes

Levels and vault maps discovered:
D:1:      co_arrival_random_square_maze, layout_rooms,
          hellmonk_ecumenical_altar_inner_sanctum, minmay_stone_trees_medium
D:2:      layout_basic
D:3:      layout_loops_corners, portal_sewer_entry_e, minmay_misc_feat_alley

Skill      XL: |  1  2  3  4 |
---------------+-------------+-----
Maces & Flails | 3 |  3.5
Fighting       | 4 |  4.1
Armour         | |  3.9
Dodging        | |  0.2
Shields        | |  3.5

Action                   |  1- 3 |  4- 6 || total
-------------------------+-------+-------++-------
Melee: Flail             |    84 |   120 ||   204
  Use: Potion            |       |     2 ||     2
Armor: Scale mail        |    20 |       ||    20
       Plate armour      |    50 |   142 ||   192
Dodge: Dodged            |    57 |    31 ||    88
Block: Buckler           |    20 |    23 ||    43
